 Dungeon Crawl Stone Soup version 0.27-a0-79-gcaaa221d37 (webtiles) character file.

Game seed: 455955935713435968

11875 gruber the Blocker (level 11, -1/105 HPs)
             Began as a Troll Earth Elementalist on Jan 14, 2021.
             Was an Initiate of Gozag.
             Slain by a gargoyle
             ... wielding a +0 mace
              (14 damage)
             ... on level 11 of the Dungeon.
             The game lasted 00:13:48 (9893 turns).

gruber the Blocker (Troll Earth Elementalist)       Turns: 9893, Time: 00:13:49

Health: -1/105     AC:  7    Str: 18    XL:     11   Next: 55%
Magic:  11/11      EV: 12    Int: 14    God:    Gozag
Gold:   968        SH: 11    Dex: 10    Spells: 11/12 levels left

rFire    . . .     SeeInvis .     - Unarmed
rCold    . . .     Faith    .   u - +1 kite shield
rNeg     + + .     Spirit   .   H - +1 robe {rN+}
rPois    +         Reflect  .   (helmet restricted)
rElec    .         Harm     .   (no cloak)
rCorr    .         Rampage  .   (gloves unavailable)
Will     .....                  (boots unavailable)
Stlth    +.........             (no amulet)
HPRegen  0.67/turn              p - ring of poison resistance
MPRegen  0.12/turn              I - ring of positive energy

@: no status effects
A: large, unfitting armour, claws 3, regeneration 1, shaggy fur 1, tough skin 3
a: Renounce Religion, Potion Petition, Call Merchant, Bribe Branch


You were on level 11 of the Dungeon.
You worshipped Gozag.
Gozag was pleased with you.
You visited 2 branches of the dungeon, and saw 12 of its levels.

You collected 1761 gold pieces.
You paid 793 gold pieces to Gozag.

Inventory:

Missiles
 b - 394 stones
 c - 6 curare-tipped darts
 A - 2 throwing nets
Armour
 u - a +1 kite shield (worn)
 H - a +1 robe of positive energy (worn)
Jewellery
 p - a ring of poison resistance (left claw)
 I - a ring of positive energy (right claw)
Wands
 v - a wand of random effects (13)
 y - a wand of iceblast (20)
 B - a wand of paralysis (3)
 G - a wand of acid (12)
Scrolls
 a - 10 scrolls of identify
 d - 7 scrolls of teleportation
 e - 3 scrolls of fog
 h - 2 scrolls of fear {unknown}
 i - a scroll of noise {unknown}
 j - 2 scrolls of immolation {unknown}
 n - 2 scrolls of magic mapping {unknown}
 r - 2 scrolls of enchant armour
 t - 3 scrolls of remove curse
 w - a scroll of amnesia {unknown}
 C - 3 scrolls of blinking {unknown}
 E - 3 scrolls of enchant weapon {unknown}
Potions
 f - 5 potions of curing
 g - 2 potions of attraction {unknown}
 k - 2 potions of heal wounds {unknown}
 l - 2 potions of magic {unknown}
 m - a potion of mutation {unknown}
 o - 3 potions of degeneration {unknown}
 q - a potion of berserk rage {unknown}
 s - a potion of cancellation {unknown}
 x - 2 potions of brilliance {unknown}
 z - a potion of haste {unknown}
 D - a potion of lignification {unknown}
 F - a potion of flight {unknown}


   Skills:
 - Level 6.0 Fighting
 - Level 0.8(0.9) Short Blades
 - Level 0.3(0.6) Long Blades
 - Level 0.4(0.7) Axes
 - Level 0.2(0.6) Maces & Flails
 - Level 0.4(0.7) Polearms
 - Level 0.4(0.6) Staves
 - Level 0.3(0.4) Slings
 - Level 0.2 Bows
 - Level 0.2 Crossbows
 - Level 0.4(0.6) Throwing
 - Level 7.3 Dodging
 - Level 1.0 Stealth
 - Level 9.1 Shields
 * Level 9.0 Unarmed Combat
 - Level 1.2 Spellcasting
 - Level 0.3 Conjurations
 - Level 0.2 Hexes
 - Level 0.3 Summonings
 - Level 0.3 Necromancy
 - Level 0.2 Translocations
 - Level 0.6 Transmutations
 - Level 0.3 Fire Magic
 - Level 0.5 Ice Magic
 - Level 0.4 Air Magic
 - Level 2.6 Earth Magic
 - Level 0.6 Poison Magic
 - Level 0.4 Invocations


You had 11 spell levels left.
You knew the following spells:

 Your Spells              Type           Power        Failure   Level
a - Sandblast             Erth           16%          9%          1

Your spell library contained the following spells:

 Spells                   Type           Power        Failure   Level
 Passwall                 Tmut/Erth      4%           21%         2
 Animate Skeleton         Necr           2%           22%         1
 Apportation              Tloc           2%           22%         1
 Summon Small Mammal      Summ           4%           22%         1
 Corona                   Hex            1%           24%         1
 Call Imp                 Summ           1%           34%         2
 Stone Arrow              Conj/Erth      10%          38%         3
 Call Canine Familiar     Summ           1%           56%         3
 Summon Guardian Golem    Hex/Summ       1%           56%         3
 Petrify                  Tmut/Erth      5%           78%         4
 Summon Ice Beast         Ice/Summ       2%           91%         4
 Summon Lightning Spire   Summ/Air       1%           91%         4
 Lee's Rapid Deconstruct  Erth           4%           93%         5


Dungeon Overview and Level Annotations

Branches:
Dungeon (11/15)            Temple (1/1) D:5
   Lair: D:8-11         Orc: D:9-12

Altars:
Cheibriados
Dithmenos
Fedhas
Gozag
Kikubaaqudgha
Nemelex Xobeh
Okawaru
Sif Muna
Trog
Wu Jian
Xom
Yredelemnul
Zin
The Shining One

Shops:
D:9 *

Annotations:
D:5 5 runed translucent doors


Innate Abilities, Weirdness & Mutations

You are too large for most types of armour.
You have claws for hands.
Your natural rate of healing is unusually fast.
You are covered in fur. (AC +1)
You have extremely tough skin. (AC +3)


Message History

* * * LOW HITPOINT WARNING * * *
You scratch the gargoyle but do no damage.
The gargoyle is severely damaged.
You scratch the gargoyle but do no damage.
The gargoyle is severely damaged.
The gargoyle hits you with a +0 mace.
* * * LOW HITPOINT WARNING * * *
You barely miss the gargoyle.
The gargoyle is severely damaged.
The gargoyle completely misses you.
You scratch the gargoyle but do no damage.
The gargoyle is severely damaged.
You scratch the gargoyle but do no damage.
The gargoyle is severely damaged.
The gargoyle barely misses you.
You scratch the gargoyle but do no damage.
The gargoyle is severely damaged.
The gargoyle hits you with a +0 mace!
You die...
Your body crumbles into a pile of gold.

........<#....#
#####..###...#
#..###...#
#........#
#........#
#........#
#........#
#...##...#
##...##@..#
#....Z9...#
#.....#...#
#.....#...#
##....#...#
#....#...#
......#...#
.##...##...# ..
#...##...#


You could see a gargoyle and a bullfrog skeleton.

Vanquished Creatures
  Harold (D:8)
  Erica (D:8)
  4 two-headed ogres
  Pikel (D:8)
  An ugly thing (D:10)
  3 trolls
  Grinder (D:6)
  A hornet (D:10)
  6 humans
  3 yaks (D:10)
  A wyvern (D:9)
  Eustachio (D:6)
  Duvessa (D:4)
  4 sky beasts
  4 orc warriors
  3 phantoms
  2 ogres
  A necrophage (D:6)
  3 lemures
  4 centaurs
  6 bullfrogs
  Dowan (D:3)
  2 scorpions
  10 killer bees (D:8)
  4 wights (D:6)
  7 howler monkeys
  A centaur zombie (D:8)
  7 hounds
  A quasit (D:3)
  2 jellies
  2 orc priests
  11 orc wizards
  Jessica (D:2)
  2 iguanas (D:10)
  7 worker ants
  2 hound zombies
  A hound skeleton (D:8)
  A howler monkey zombie (D:5)
  2 worker ant zombies (D:8)
  16 adders
  15 gnolls
  2 howler monkey skeletons
  2 shadow imps
  An ufetubus (D:6)
  2 adder zombies
  4 worms
  3 dart slugs (D:2)
  5 leopard geckos
  28 orcs
  5 ball pythons
  9 giant cockroaches
  6 goblins
  7 hobgoblins
  8 jackals
  10 kobolds
  7 bats
  5 frilled lizards
  A quokka skeleton (D:7)
  A quokka zombie (D:6)
  6 rats
259 creatures vanquished.

Vanquished Creatures (others)
  A plant (D:3)
1 creature vanquished.

Grand Total: 260 creatures vanquished

Notes
Turn   | Place    | Note
-------+----------+-------------------------------------------
     0 | D:1      | gruber the Troll Earth Elementalist began the quest for the
                  | Orb.
     0 | D:1      | Reached XP level 1. HP: 16/16 MP: 1/1
   110 | D:1      | Reached skill level 1 in Unarmed Combat
   284 | D:1      | Reached XP level 2. HP: 23/24 MP: 2/2
   338 | D:1      | You fall into a shaft and drop 1 floor!
   804 | D:2      | Reached XP level 3. HP: 23/31 MP: 3/3
   831 | D:2      | Noticed Jessica
   850 | D:2      | Killed Jessica
   857 | D:2      | Reached XP level 4. HP: 39/39 MP: 1/4
   906 | D:2      | Reached XP level 5. HP: 38/45 MP: 5/5
  1057 | D:2      | Reached skill level 5 in Unarmed Combat
  2094 | D:3      | Reached XP level 6. HP: 38/53 MP: 6/6
  2575 | D:4      | Noticed Duvessa
  2576 | D:4      | Noticed Dowan
  2591 | D:4      | Killed Duvessa
  2671 | D:4      | Reached XP level 7. HP: 34/59 MP: 7/7
  2737 | D:3      | Killed Dowan
  3224 | D:5      | Entered Level 5 of the Dungeon
  3246 | D:5      | Found a staircase to the Ecumenical Temple.
  3266 | Temple   | Entered the Ecumenical Temple
  3297 | Temple   | Became a worshipper of Gozag Ym Sagoz the Greedy
  3334 | D:5      | Found a runed translucent door.
  3336 | D:5      | Found a runed translucent gate.
  3336 | D:5      | Found a runed translucent gate.
  3432 | D:5      | Found the +9 staff of Olgreb {rPois∞}
  3439 | D:5      | Found a runed translucent gate.
  3440 | D:5      | Found a runed translucent door.
  4028 | D:6      | Found a bloodstained altar of Trog.
  4051 | D:6      | Reached XP level 8. HP: 67/67 MP: 8/8
  4309 | D:5      | Reached skill level 1 in Shields
  4512 | D:6      | Noticed Eustachio
  4519 | D:6      | Killed Eustachio
  4881 | D:6      | Reached skill level 5 in Shields
  4900 | D:6      | Noticed Grinder
  4908 | D:6      | Killed Grinder
  4909 | D:6      | Reached XP level 9. HP: 71/74 MP: 9/9
  5027 | D:6      | Found a shadowy altar of Dithmenos.
  5179 | D:7      | Found an iron altar of Okawaru.
  5592 | D:7      | Reached skill level 1 in Fighting
  5927 | D:7      | Found an ornate altar of the Wu Jian Council.
  5971 | D:8      | Noticed a two-headed ogre
  5987 | D:8      | Killed a two-headed ogre
  5997 | D:8      | Reached skill level 5 in Fighting
  6290 | D:8      | Reached XP level 10. HP: 87/96 MP: 10/10
  6356 | D:8      | Noticed Harold
  6366 | D:8      | Noticed Prince Ribbit
  6841 | D:8      | Noticed a two-headed ogre
  6854 | D:8      | Killed a two-headed ogre
  6947 | D:8      | Reached skill level 5 in Dodging
  7116 | D:8      | Noticed Pikel
  7149 | D:8      | Noticed Prince Ribbit
  7149 | D:8      | Prince Ribbit changed into Prince Ribbit the jelly
  7159 | D:9      | Killed Prince Ribbit the jelly
  7330 | D:9      | Found a glowing silver altar of Zin.
  7483 | D:9      | Noticed a two-headed ogre
  7496 | D:9      | Killed a two-headed ogre
  7568 | D:9      | Noticed a two-headed ogre
  7632 | D:9      | Killed a two-headed ogre
  7775 | D:9      | Found Zazoajop's Assorted Antiques.
  7946 | D:9      | Reached XP level 11. HP: 66/105 MP: 11/11
  8117 | D:10     | Entered Level 10 of the Dungeon
  8547 | D:8      | Noticed Erica
  8565 | D:8      | Killed Erica
  8967 | D:8      | Killed Harold
  8970 | D:8      | Killed Pikel
  9182 | D:10     | Noticed a cyan ugly thing
  9192 | D:10     | Killed a cyan ugly thing
  9893 | D:11     | Slain by a gargoyle

Illustrated notes

Levels and vault maps discovered:
D:1:      dpeg_arrival_renting, layout_loops_ring, chequers_arboretum
D:2:      layout_basic, hex_tiny, minmay_nonomino_d4, uniq_jessica
D:3:      layout_rooms, saegor_snake_ambush
D:4:      layout_rooms, serial_curves, eino_curves_04, eino_curves_01,
          uniq_duvessa
D:5:      layout_gridville, minmay_temple_entry_hall,
          minmay_guarded_unrand_staff_of_olgreb
D:6:      layout_rooms, kennysheep_cluttered_room, hangedman_feature_mirror,
          uniq_eustachio, uniq_grinder
D:7:      layout_loops_ring, kennysheep_little_box, kennysheep_okawaru_gauntlet
D:8:      layout_basic, serial_corexii_hall, chequers_hall_statues_y,
          corexii_hall_statues_u, corexii_hall_statues_t,
          chequers_hall_statues_wall_a, minmay_ruffians, uniq_erica,
          uniq_prince_ribbit1, uniq_pikel, uniq_harold
D:9:      layout_cave_pools, serial_shops, nicolae_shop_behind_doors,
          lemuel_altar_in_water
D:10:     layout_loops_cross
D:11:     layout_gridville, erik_lair_orcish_takeover, hangedman_decor_lopped,
          uniq_nergalle
Temple:   compressed_dpeg_triangle_lava_temple

Skill      XL: |  1  2  3  4  5  6  7  8  9 10 11 |
---------------+----------------------------------+-----
Unarmed Combat | 1 2 3 4 5 7 8 9 |  9.0
Dodging        | 2 7 |  7.3
Shields        | 5 7 9 |  9.1
Fighting       | 5 6 |  6.0
Short Blades   | |  0.8
Long Blades    | |  0.3
Axes           | |  0.4
Maces & Flails | |  0.2
Polearms       | |  0.4
Staves         | |  0.4
Slings         | |  0.3
Bows           | |  0.2
Crossbows      | |  0.2
Throwing       | |  0.4
Stealth        | |  1.0
Spellcasting   | |  1.2
Conjurations   | |  0.3
Hexes          | |  0.2
Summonings     | |  0.3
Necromancy     | |  0.3
Translocations | |  0.2
Transmutations | |  0.6
Fire Magic     | |  0.3
Ice Magic      | |  0.5
Air Magic      | |  0.4
Earth Magic    | |  2.6
Poison Magic   | |  0.6
Invocations    | |  0.4

Action                   |  1- 3 |  4- 6 |  7- 9 | 10-12 || total
-------------------------+-------+-------+-------+-------++-------
Melee: Unarmed           |    59 |   254 |   367 |   447 ||  1127
       Punch             |       |       |     4 |       ||     4
Throw: Throwing net      |       |       |       |     2 ||     2
       Dart              |       |       |       |     3 ||     3
 Cast: Sandblast         |     2 |     1 |     3 |       ||     6
Invok: Potion Petition   |       |       |     1 |     1 ||     2
Evoke: Wand              |       |       |       |     6 ||     6
  Use: Scroll            |       |       |     5 |       ||     5
 Stab: Sleeping          |     1 |       |     2 |     2 ||     5
       Distracted        |       |       |     1 |     3 ||     4
       Paralysed         |       |       |       |     7 ||     7
       Invisible         |       |       |       |     3 ||     3
       Held in net/web   |       |       |       |     1 ||     1
Armor: Robe              |    28 |   114 |    81 |    59 ||   282
Dodge: Dodged            |    30 |   131 |   111 |   162 ||   434
Block: Kite shield       |       |       |    58 |   209 ||   267

Table legend: (Time is in decaauts)
 A = Elapsed time spent in this place.
 B = Non-inter-level travel time spent in this place.
 C = Inter-level travel time spent in this place.
 D = Time resting spent in this place.
 E = Time spent auto-exploring this place.
 F = Levels seen in this place.
 G = Mean time per level.
                   A        B        C        D        E       F      G
               +--------+--------+--------+--------+--------+-----+--------+
         Total |   9769 |   9241 |    528 |     35 |   6941 |  12 |  814.1 |
       Dungeon |   9724 |   9210 |    514 |     35 |   6928 |  11 |  884.0 |
        Temple |     44 |     31 |     13 |      0 |     13 |   1 |   44.0 |
               +--------+--------+--------+--------+--------+-----+--------+

Top non-repeatable levels by time:
     D:8: 1779 daAuts
     D:2: 1273 daAuts
     D:9: 991 daAuts
     D:7: 968 daAuts
    D:10: 964 daAuts
     D:5: 942 daAuts
     D:6: 836 daAuts
     D:1: 680 daAuts
     D:4: 644 daAuts
     D:3: 604 daAuts
  Temple: 44 daAuts
    D:11: 38 daAuts
